 Dungeon Crawl Stone Soup version 0.30.1-11-g7821555f0a (webtiles) character file.

Game seed: 15119622187789817241

4723551 Lutefisk the Evangelist (level 25, 238/238 HPs)
             Began as a Hill Orc Reaver on Nov 26, 2023.
             Was an Elder of Beogh.
             Escaped with the Orb
             ... and 5 runes on Dec 6, 2023!
             The game lasted 07:16:50 (40169 turns).

Lutefisk the Evangelist (Hill Orc Reaver)          Turns: 40169, Time: 07:16:51

Health: 238/238    AC: 37    Str: 19    XL:     25   Next: 59%
Magic:  32/34      EV: 21    Int: 10    God:    Beogh [****..]
Gold:   1859       SH: 21    Dex: 15    Spells: 25/32 levels left

rFire   + + .        j - +9 broad axe (vamp)
rCold   + + .        O - +5 kite shield {reflect}
rNeg    . . .        X - +4 ice dragon scales
rPois   +            q - +0 hat of the First Mystics {rF+++ Regen+ rCorr Int-5}
rElec   +            H - +4 dragonskin cloak
rCorr   +            z - +4 pair of gloves of Dirol {rPois}
SInv    .            C - +2 pair of boots {rampage}
Will    ++...        Q - amulet of regeneration
Stlth   +            r - ring of willpower
HPRegen 2.19/turn    L - ring "Wearimn" {Drain rElec EV+5 Int+2 Stlth+}
MPRegen 0.24/turn

%: reflection, rampage
@: studying Staves
A: low MP 1, mutation resistance 1, weak 1, MP-powered wands
0: Orb of Zot
}: 5/15 runes: serpentine, barnacled, slimy, silver, abyssal
a: Renounce Religion, Smiting, Recall Orcish Followers


You escaped.
You worshipped Beogh.
Beogh was greatly pleased with you.
You visited 10 branches of the dungeon, and saw 52 of its levels.
You visited the Abyss 2 times.
You also visited: Volcano, Wizlab and Desolation.

You collected 6523 gold pieces.
You spent 4664 gold pieces at shops.

Inventory:

Hand Weapons
 j - a +9 vampiric broad axe (weapon)
 x - the +9 halberd of Ambiguity {heavy, rN+ Will+ Str-2 Stlth+}
   (You found it on level 3 of the Elven Halls)

   Str:       It affects your strength (-2).
   rN:        It protects you from negative energy.
   Will:      It increases your willpower.
   Stlth:     It makes you more stealthy.
Missiles
 B - 16 boomerangs (quivered)
 V - a throwing net
Armour
 p - a scarf of resistance
 q - the +0 hat of the First Mystics (worn) {rF+++ Regen+ rCorr Int-5}
   (You acquired it on level 3 of the Snake Pit)

   Int:       It affects your intelligence (-5).
   rF:        It renders you almost immune to fire.
   Regen:     It increases your rate of health regeneration.
   rCorr:     It protects you from acid and corrosion.
 z - the +4 pair of gloves of Dirol (worn) {rPois}
   (You acquired it on level 14 of the Dungeon)

   rPois:     It protects you from poison.
 C - a +2 pair of boots of rampaging (worn)
 H - the +4 dragonskin cloak (worn)
   (You took it off Tiamat on level 3 of the Realm of Zot)

   Avatar's Aegis: It grants the wearer a chance to resist fire, cold, poison,
   electricity, acid, and negative energy.
 O - a +5 kite shield of reflection (worn)
 X - +4 ice dragon scales (worn)
Jewellery
 i - an amulet of the acrobat
 r - a ring of willpower (left hand)
 L - the ring "Wearimn" (right hand) {Drain rElec EV+5 Int+2 Stlth+}
   (You found it in the Desolation of Salt)

   [ring of evasion]

   EV:        It affects your evasion (+5).
   Int:       It affects your intelligence (+2).
   rElec:     It insulates you from electricity.
   Drain:     It drains your maximum health when unequipped.
   Stlth:     It makes you more stealthy.
 Q - an amulet of regeneration (around neck)
 R - a ring of positive energy
 T - a ring of see invisible
Wands
 s - a wand of flame (28)
 y - a wand of digging (10)
 E - a wand of charming (74)
 J - a wand of quicksilver (35)
 N - a wand of mindburst (35)
 U - a wand of roots (19)
Scrolls
 e - 11 scrolls of enchant weapon
 g - 7 scrolls of fog
 l - 2 scrolls of blinking
 o - 14 scrolls of poison
 t - 28 scrolls of teleportation
 w - a scroll of silence
 A - 3 scrolls of brand weapon
 D - 10 scrolls of immolation
 F - 10 scrolls of vulnerability
 I - 5 scrolls of fear
 M - 4 scrolls of magic mapping
 S - 2 scrolls of amnesia
Potions
 a - 2 potions of berserk rage
 c - 5 potions of resistance
 d - 4 potions of brilliance
 f - 12 potions of heal wounds
 h - 7 potions of attraction
 k - 8 potions of flight
 m - 5 potions of cancellation
 n - 7 potions of magic
 v - 24 potions of curing
 G - 5 potions of haste
 K - 3 potions of might
 P - 10 potions of mutation
 W - 6 potions of ambrosia
 Y - 10 potions of lignification
 Z - 4 potions of invisibility
Miscellaneous
 b - a box of beasts


   Skills:
 - Level 22.0 Fighting
 - Level 20.0 Axes
 - Level 3.0 Throwing
 * Level 21.9 Armour
 - Level 14.0 Dodging
 - Level 6.0 Stealth
 * Level 21.9 Shields
 - Level 4.0 Spellcasting
 - Level 7.0 Conjurations
 - Level 8.0 Fire Magic
 - Level 23.0 Invocations
 - Level 10.0 Evocations


You had 25 spell levels left.
You knew the following spells:

 Your Spells              Type           Power      Damage    Failure   Level
a - Kiss of Death         Conj/Necr      36%        2d8       16%         1
b - Momentum Strike       Conj/Tloc      18%        3d8       22%         2
c - Sticky Flame          Conj/Fire      17%        2d4       28%         4

Your spell library contained the following spells:

 Spells                   Type           Power      Damage    Failure   Level
 Magic Dart               Conj           64%        1d6       3%          1
 Shock                    Conj/Air       36%        1d5       16%         1
 Flame Wave               Conj/Fire      17%        2d7       28%         4
 Inner Flame              Hex/Fire       10%        N/A       36%         3
 Volatile Blastmotes      Fire/Tloc      20%        2d11      36%         3
 Dazzling Flash           Conj/Hex       18%        N/A       41%         3
 Hailstorm                Conj/Ice       9%         3d4       41%         3
 Stone Arrow              Conj/Erth      18%        3d8       41%         3
 Apportation              Tloc           4%         N/A       54%         1
 Beastly Appendage        Tmut           4%         N/A       54%         1
 Slow                     Hex            8%         N/A       54%         1
 Ignite Poison            Fire/Tmut/Pois 7%         N/A       54%         3
 Mephitic Cloud           Conj/Pois/Air  6%         N/A       58%         3
 Blink                    Tloc           4%         N/A       67%         2
 Call Imp                 Summ           4%         N/A       67%         2
 Cigotuvi's Dreadful Rot  Necr/Pois/Air  4%         N/A       67%         2
 Lesser Beckoning         Tloc           4%         N/A       67%         2
 Wereblood                Tmut           2%         N/A       67%         2
 Iskenderun's Mystic Bla  Conj/Tloc      9%         2d4       83%         4
 Confusing Touch          Hex            2%         N/A       88%         3
 Gell's Gravitas          Tloc           2%         N/A       88%         3
 Ozocubu's Armour         Ice            2%         N/A       88%         3
 Spider Form              Tmut/Pois      2%         N/A       88%         3
 Swiftness                Air            2%         N/A       88%         3
 Teleport Other           Tloc           2%         N/A       88%         3
 Tukima's Dance           Hex            2%         N/A       88%         3
 Vampiric Draining        Necr           2%         2d6       88%         3
 Vhi's Electric Charge    Tloc/Air       4%         N/A       88%         3
 Airstrike                Air            1%         2d(1-17)  99%         4
 Animate Armour           Summ/Erth      4%         N/A       99%         4
 Dispel Undead            Necr           2%         3d7       99%         4
 Leda's Liquefaction      Hex/Erth       1%         N/A       99%         4
 Passage of Golubria      Tloc           2%         N/A       99%         4
 Petrify                  Tmut/Erth      2%         N/A       99%         4
 Summon Ice Beast         Ice/Summ       2%         N/A       99%         4
 Arcjolt                  Conj/Air       4%         1d14      99%         5
 Irradiate                Conj/Tmut      4%         3d13      99%         5
 Starburst                Conj/Fire      8%         6d4       99%         6
 Blade Hands              Tmut           1%         N/A       100%        5
 Freezing Cloud           Conj/Ice/Air   3%         6-21      100%        5
 Lee's Rapid Deconstruct  Erth           1%         3d4*      100%        5
 Metabolic Englaciation   Hex/Ice        1%         N/A       100%        5
 Summon Forest            Summ/Tloc      1%         N/A       100%        5
 Summon Mana Viper        Hex/Summ       2%         N/A       100%        5
 Yara's Violent Unravell  Hex/Tmut       1%         3d3       100%        5
 Dispersal                Tloc           1%         N/A       100%        6
 Eringya's Noxious Bog    Tmut/Pois      1%         N/A       100%        6
 Iron Shot                Conj/Erth      4%         9d2       100%        6
 Plasma Beam              Fire/Air       5%         2x1d17    100%        6
 Simulacrum               Ice/Necr       1%         N/A       100%        6
 Statue Form              Tmut/Erth      1%         N/A       100%        6
 Dragon Form              Tmut           1%         N/A       100%        7
 Monstrous Menagerie      Summ           1%         N/A       100%        7
 Summon Hydra             Summ           1%         N/A       100%        7
 Discord                  Hex            1%         N/A       100%        8
 Ignition                 Fire           9%         3d5       100%        8


Dungeon Overview and Level Annotations

Branches:
Dungeon (15/15)            Temple (0/1) D:5            Lair (5/5) D:10
 Shoals (4/4) Lair:3        Snake (4/4) Lair:2        Slime (5/5) Lair:4
    Orc (2/2) D:11            Elf (3/3) Orc:2        Vaults (5/5) D:14
 Depths (4/4) D:15            Zot (5/5) Depths:4    Volcano (visited)
 WizLab (visited)         Desolation (visited)
  Crypt: Vaults:2-3

Altars:
Fedhas
Gozag
Makhleb
Okawaru
Qazlal
Ru
Sif Muna
Vehumet
Wu Jian
Yredelemnul
Zin
Beogh

Shops:
D:1 :   D:7 (   D:12 =   D:14 *   Orc:2 (:?:   Elf:1 !   Elf:2 !   Shoals:4 *
Snake:2 *   Vaults:1 [   Vaults:3 !   Vaults:4 [   Vaults:5 ?   Depths:1 [(

Portals:
Hell: Depths:1 Depths:2
Abyss: Depths:2
Pandemonium: Depths:2
Ziggurat: Depths:1
Trove: Elf:1 (give 2 scrolls of acquirement)

Annotations:
D:10 3 runed translucent doors, Jingleheimer's ghost, journeyman OpTm
Lair:5 3 runed translucent doors, wWBigheadWw's ghost, journeyman MiBe
Shoals:4 2 transporters, Esekla's ghost, adept DEWn
Elf:2 5 runed translucent doors
Zot:2 1 transporter


Innate Abilities, Weirdness & Mutations

Your magical capacity is low. (-10% MP)
You are somewhat resistant to further mutation.
You are weak. (Str -2)
You expend magic power (3 MP) to strengthen your wands.


Message History

Morguth roars a battlecry!
Boldo goes into a battle-frenzy!
You block the Orb Guardian's attack.
You miss the Orb Guardian.
The Orb Guardian is heavily wounded.
Ugrim is recalled.
Learuk is recalled.
Boldo roars a battlecry!
Your orcs go into a battle-frenzy!
The Orb Guardian hits you but does no damage.
Milork misses the Orb Guardian.
Morguth unwields a +0 arbalest of freezing.
Morguth wields a +1 glaive.
Morguth hits the Orb Guardian with a +1 glaive!!
You slash the Orb Guardian!
The Orb Guardian is almost dead.
Bogdar is recalled.
Ugrim roars a battlecry!
Bogdar goes into a battle-frenzy!
You block the Orb Guardian's attack.
Unknown command.
You hit the Orb Guardian.
You kill the Orb Guardian!
Beogh accepts your kill.
Your orc warrior is recalled.
Your orc wizard is recalled.
Unknown command.
No target in view!
Unknown command.
Okay, then.
Ugbert is recalled.
Your orc is recalled.
Unknown command.
Your orc is recalled. x2
Ugbert roars a battlecry!
Your orcs go into a battle-frenzy!
Ugrim roars a battlecry!
Ugbert goes into a battle-frenzy!
Unknown command.
Your orc is recalled. x2
Ugbert roars a battlecry!
Your orcs go into a battle-frenzy!
You have escaped!

..............# #.#..)
.......######## #....#
.......# ### #.#'#'
......## #># #### ###.##
#####.# #.## #..###...##
#.. #^.## #..'...⌠..# #.#
######.## #(.##.⌠∩⌠.#
#..oooo.# #...#..⌠...
..###..oo@o#.# #...##...##
#.4...ooooo##.##....#.####
#.###...ooo# #.###..#'# #
#. ##.....# #.###...# # #.
##....# ## ##### # #.
##.....# # #. ##......# #
#.##...##..# ##########
#.#...###†## #.........


You could see a red devil (ally target), the friendly Boldo the orc warlord
(strong), the friendly Milork the orc warlord (strong), the friendly Ugrim the
orc warlord (strong), the friendly Morguth the orc knight (strong), the friendly
Spirok the orc knight (strong), the friendly Ugbert the orc knight (strong), the
friendly Bogdar the orc high priest (strong), the friendly Learuk the orc high
priest (strong), a friendly orc warrior (strong), a friendly orc wizard (strong)
and 5 friendly orcs.

Vanquished Creatures
  the Royal Jelly (Slime:5)
  A dread lich (Abyss:3)
  Tiamat (Zot:3)
  5 ancient liches
  An orb of fire (Zot:5)
  2 Killer Klowns (Zot:4)
  2 curse toes
  6 golden dragons
  4 bone dragons
  An electric golem (Zot:3)
  A Tzitzimitl (Zot:1)
  Jorgrun (Shoals:1)
  3 hellephants (Depths:2)
  Rupert (D:12)
  An Ice Fiend (D:6)
  2 walking earthen tomes (WizLab)
  A walking frostbound tome (WizLab)
  27 Orb Guardians
  A walking crystal tome (WizLab)
  2 quicksilver dragons
  4 liches
  11 tentacled monstrosities
  4 titans
  2 deep elf master archers (Elf:3)
  An Executioner (Zot:4)
  3 death cobs
  2 sphinxes (Vaults:5)
  13 acid blobs
  2 krakens (Shoals:4)
  Frances (D:12)
  6 tentacled starspawn
  7 storm dragons
  4 shadow dragons
  5 tengu reavers
  7 draconian monks
  7 fire giants
  Roxanne (Snake:3)
  2 strange machines (WizLab)
  8 rockslimes
  4 azure jellies
  2 draconian knights
  3 imperial myrmidons (Desolation)
  5 frost giants
  3 deep elf sorcerers
  A ghost moth (Zot:3)
  3 balrugs
  A vault warden (Vaults:4)
  A draconian scorcher (Zot:2)
  2 iron dragons
  5 draconian shifters
  Louise (Depths:2)
  4 orc warlords
  3 ironbound preservers
  2 spriggan defenders (Depths:3)
  2 draconian annihilators
  5 draconian stormcallers
  4 quicksilver oozes
  4 war gargoyles
  A cacodemon (Abyss:2)
  8 very ugly things
  2 reapers (Abyss:3)
  2 ironbound thunderhulks (Vaults:2)
  7 stone giants
  5 green draconians
  7 black draconians
  A vampire knight (Depths:3)
  6 deep elf demonologists
  8 red draconians
  12 yellow draconians
  A putrid mouth (Depths:2)
  A minotaur (Lair:1)
  11 white draconians
  2 deep elf annihilators
  9 purple draconians
  A halazid warlock (Desolation)
  3 dire elephants
  A spark wasp (Depths:3)
  2 blizzard demons (Abyss:3)
  3 starcursed masses
  A crystal guardian (Desolation)
  2 deep elf high priests
  7 ettins
  3 great orbs of eyes
  4 merfolk javelineers (Shoals:4)
  2 fire dragons
  A fire dragon (shapeshifter) (Vaults:5)
  5 merfolk impalers
  The ghost of Fractals the Blocker, a journeyman HOFi of Qazlal (Lair:1)
  5 rakshasas
  6 yaktaur captains
  A spriggan zombie (Depths:1)
  13 ragged hierophants (Desolation)
  A salamander tyrant (Snake:4)
  6 servants of whispers (Desolation)
  7 peacekeepers (Desolation)
  2 ice dragons (Depths:3)
  2 hydras (D:14)
  5 spriggan air magi
  A spriggan skeleton (Depths:3)
  A radroach (shapeshifter) (Depths:3)
  17 vault guards
  A caustic shrike simulacrum (Depths:1)
  An ironbound frostheart (Vaults:2)
  3 merfolk aquamancers (Shoals:4)
  2 ogre magi
  5 anacondas
  A merfolk avatar (Shoals:1)
  An anaconda (shapeshifter) (Vaults:5)
  A two-headed ogre (shapeshifter) (Depths:2)
  10 two-headed ogres
  8 centaur warriors
  2 boulder beetles (Lair:1)
  A deep troll shaman (Depths:1)
  3 naga warriors
  5 hell hogs (Depths:1)
  10 dancing weapons
  2 tengu warriors
  3 satyrs (Shoals:4)
  A death knight (D:14)
  2 deep troll earth magi
  2 vampire magi (Depths:3)
  3 spriggan berserkers
  3 naga sharpshooters
  6 hell knights
  A shock serpent (Snake:2)
  5 wretched stars
  A soul eater (Abyss:3)
  5 spriggans
  An iron troll (shapeshifter) (Depths:3)
  7 deep elf knights
  3 sixfirhies
  4 skysharks
  8 sea snakes
  A salamander mystic (Snake:4)
  5 skeletal warriors
  A glowing orange brain (shapeshifter) (Vaults:1)
  7 glowing orange brains
  8 naga ritualists
  2 flayed ghosts
  6 deep trolls
  4 deep elf archers
  An orc knight (Orc:1)
  A phantasmal warrior (Vaults:4)
  2 golden dragon skeletons (Depths:3)
  12 ironbound convokers
  A lindwurm (D:14)
  2 harpies (Shoals:1)
  2 mana vipers
  5 shining eyes
  13 ugly things
  6 necromancers
  15 deep elf pyromancers
  A wolf spider (shapeshifter) (Vaults:5)
  12 deep elf zephyrmancers
  3 salamanders
  14 fauns
  3 orc sorcerers
  6 cyclopes
  A will-o-the-wisp (Abyss:2)
  A shining eye (shapeshifter) (Depths:1)
  9 manticores
  A sphinx skeleton (Depths:1)
  2 frost giant zombies (D:15)
  A worldbinder (Abyss:3)
  A torpor snail (Lair:1)
  8 elephants
  11 moths of wrath
  Joseph (D:8)
  4 merfolk sirens
  3 apocalypse crabs
  2 fire giant skeletons (Depths:1)
  An elephant (shapeshifter) (Vaults:4)
  9 naga magi
  7 guardian serpents
  4 vault sentinels
  2 eyes of devastation
  A demonic crawler (Abyss:3)
  3 smoke demons
  12 black mambas
  An orange demon (Abyss:3)
  4 water nymphs
  A gargoyle (D:12)
  A rime drake (Lair:5)
  2 cane toads
  An unseen horror (D:12)
  3 freezing wraiths
  A spark wasp simulacrum (Depths:1)
  7 yaktaurs
  5 komodo dragons
  An ice devil (Abyss:3)
  3 ancient zymes
  A golden dragon simulacrum (Depths:1)
  3 tengu conjurers
  2 red devils (Volcano)
  6 merfolk
  2 polar bears (Lair:3)
  A tyrant leech (shapeshifter) (Vaults:5)
  6 wind drakes
  6 trolls
  An ettin zombie (D:15)
  5 snapping turtles
  55 saltlings
  11 raiju (Abyss:3)
  6 hornets
  10 blink frogs
  An iron dragon simulacrum (Depths:3)
  2 dream sheep (Shoals:1)
  48 slime creatures
  5 flying skulls (Abyss:3)
  9 large abominations
  2 shadows (D:11)
  An air elemental (Elf:3)
  2 wyverns
  6 water elementals
  A human (shapeshifter) (Abyss:3)
  4 wraiths
  2 ynoxinuls (Abyss:3)
  10 fire bats
  9 yaks
  2 basilisks
  2 chaos spawn (Abyss:3)
  A fire elemental (Elf:2)
  8 golden eyes
  2 neqoxecs (Abyss:3)
  3 steam dragons
  5 humans (D:13)
  2 redbacks (shapeshifter)
  5 wargs
  7 vampire mosquitoes
  6 small abominations (Abyss:3)
  An acid dragon (D:13)
  15 nagas
  A hell hound (Volcano)
  12 water moccasins
  A glowing shapeshifter skeleton (Depths:1)
  A black bear (Lair:1)
  A sky beast (D:7)
  22 orc warriors
  An ice beast (D:7)
  7 centaurs
  12 ogres (Orc:2)
  A wolf (Lair:3)
  A phantom (D:7)
  3 kobold brigands
  5 earth elementals
  2 gnoll sergeants
  7 bullfrogs
  3 scorpions
  7 wights
  3 killer bees (D:8)
  5 electric eels
  6 howler monkeys
  5 lava snakes (Volcano)
  A quasit (Abyss:3)
  11 orc priests
  5 hounds
  2 gnoll boudas
  4 iguanas
  2 jellies
  A sleepcap (D:8)
  13 orc wizards
  A hell rat (Lair:5)
  16 gnolls
  8 adders
  A shadow imp (D:7)
  A white imp (Abyss:3)
  An ufetubus (D:4)
  3 worms
  54 orcs
  4 endoplasms
  2 giant cockroaches
  2 goblins
  7 hobgoblins
  18 kobolds
  5 quokkas
  7 ball pythons
  3 bats
  4 frilled lizards
  6 rats
  4 starspawn tentacles
  4 tentacles (Shoals:4)
1325 creatures vanquished.

Vanquished Creatures (collateral kills)
  A Killer Klown (Zot:5)
  A caustic shrike (Depths:2)
  Saint Roka (Vaults:4)
  A pandemonium lord (D:13)
  2 doom hounds (Depths:2)
  Zenata (D:14)
  2 deep elf blademasters (Elf:3)
  A titan (Vaults:5)
  Grunn (Depths:2)
  A quicksilver dragon (Vaults:4)
  An acid blob (Slime:5)
  A sphinx (D:15)
  A shadow dragon (Vaults:4)
  4 nagarajas (Snake:4)
  An azure jelly (Slime:4)
  2 vault wardens
  2 deep elf sorcerers (Elf:3)
  An orc warlord (Orc:1)
  3 very ugly things
  3 ironbound preservers
  3 ironbound thunderhulks
  3 deep elf demonologists (Elf:3)
  A vampire knight (Depths:4)
  A stone giant (Depths:2)
  3 deep elf annihilators (Elf:3)
  A dire elephant (D:14)
  A yellow draconian (Zot:5)
  A merfolk javelineer (Shoals:4)
  An ettin (D:15)
  2 great orbs of eyes
  4 merfolk impalers
  3 deep elf death magi
  A deep elf high priest (Elf:3)
  A yaktaur captain (Vaults:2)
  Fannar (D:11)
  2 fire dragons
  An entropy weaver (D:14)
  A crystal guardian (Vaults:3)
  8 vault guards (Vaults:4)
  A peacekeeper (Vaults:3)
  4 hydras
  An ogre mage (Orc:2)
  An ironbound frostheart (Vaults:3)
  A servant of whispers (Vaults:4)
  A spriggan air mage (Depths:2)
  A merfolk avatar (Lair:5)
  9 anacondas
  4 salamander tyrants
  4 centaur warriors
  An alligator snapping turtle (Shoals:4)
  2 two-headed ogres (Orc:2)
  11 dancing weapons
  2 merfolk aquamancers
  2 satyrs
  A tengu warrior (D:15)
  Urug (D:13)
  8 death yaks (Lair:5)
  A hell hog (Depths:2)
  12 naga warriors
  A vampire mage (D:15)
  7 naga sharpshooters
  A thrashing horror (Abyss:3)
  A soul eater (Depths:1)
  Sonja (Lair:5)
  5 shock serpents
  4 deep elf knights
  A sun demon (D:11)
  9 sea snakes
  5 skeletal warriors
  3 skysharks
  10 deep trolls
  A spark wasp zombie (D:15)
  2 salamander mystics
  A phantasmal warrior (D:14)
  3 wizards
  8 deep elf archers
  7 deep elf zephyrmancers
  4 ironbound convokers
  3 naga ritualists
  An orc knight (Orc:1)
  A necromancer (D:15)
  4 mana vipers (Snake:2)
  A lindwurm (Lair:5)
  A shining eye (shapeshifter) (Vaults:4)
  9 deep elf pyromancers
  8 fauns
  14 ugly things
  An orc sorcerer (Orc:2)
  8 manticores
  3 harpies
  11 salamanders
  4 cyclopes
  11 elephants
  17 slime creatures
  3 vault sentinels
  A guardian serpent (Snake:3)
  3 merfolk sirens
  23 black mambas
  A water nymph (Shoals:2)
  A gargoyle (D:11)
  10 cane toads
  11 naga magi
  6 komodo dragons
  A hellion (D:15)
  5 rime drakes
  An ice devil (D:13)
  An efreet (D:15)
  2 yaktaurs
  3 merfolk
  A meliai (shapeshifter) (Elf:3)
  4 wind drakes
  7 trolls
  A hornet (shapeshifter) (D:15)
  2 polar bears (Lair:5)
  2 saltlings (Vaults:4)
  2 raiju (Abyss:3)
  12 blink frogs
  An orc wizard (Vaults:4)
  5 dream sheep
  6 snapping turtles
  2 wyverns
  3 water elementals
  3 wraiths
  A fire elemental (Elf:3)
  11 humans (D:13)
  25 yaks
  2 small abominations (Abyss:3)
  A human (shapeshifter) (D:13)
  2 basilisks
  2 steam dragons (Lair:5)
  6 vampire mosquitoes
  A chaos spawn (Abyss:2)
  40 nagas
  4 water moccasins
  2 black bears
  5 orc warriors
  3 wolves (Lair:3)
  10 ogres
  4 centaurs
  9 bullfrogs
  A howler monkey (D:11)
  An electric eel (Lair:5)
  3 jellies (Lair:4)
  3 orc priests
  3 hell rats (Lair:5)
  A statue (D:13)
  2 gnolls (D:9)
  6 orcs
  4 kobolds (D:9)
  A tentacle (Shoals:4)
585 creatures vanquished.

Vanquished Creatures (others)
  A Tzitzimitl (Depths:2)
  2 orc warlords
  A red draconian (Zot:3)
  A deep elf annihilator (Elf:3)
  A rakshasa (WizLab)
  A deep elf knight (Elf:2)
  8 orc knights
  A salamander mystic (Snake:3)
  2 orc sorcerers
  3 deep elf zephyrmancers
  A moth of wrath (Zot:5)
  A naga mage (Snake:4)
  An elephant (Lair:5)
  A saltling (Desolation)
  A small abomination (D:13)
  14 orc warriors
  A black bear (D:6)
  An ogre (D:11)
  A bullfrog (D:6)
  17 orc priests
  An iguana (D:6)
  5 orc wizards
  32 orcs
  2 foxfires (Abyss:2)
  2 lurking horrors
  12 starspawn tentacles
  166 tentacles (Shoals:4)
280 creatures vanquished.

Grand Total: 2190 creatures vanquished

Notes
Turn   | Place    | Note
-------+----------+-------------------------------------------
     0 | D:1      | Lutefisk the Hill Orc Reaver began the quest for the Orb.
     0 | D:1      | Reached XP level 1. HP: 18/18 MP: 3/3
    59 | D:1      | Reached XP level 2. HP: 13/25 MP: 4/4
    66 | D:1      | Learned a level 2 spell: Momentum Strike
   114 | D:1      | Found Wuedoufue's Book Shop.
   174 | D:2      | Reached skill level 1 in Armour
   211 | D:2      | Reached skill level 1 in Stealth
   211 | D:2      | Reached XP level 3. HP: 18/24 MP: 3/5
   279 | D:1      | Found a faded altar of an unknown god.
   757 | D:2      | Reached XP level 4. HP: 25/31 MP: 6/6
  1122 | D:3      | Found an opulent altar of Gozag.
  1265 | D:4      | Reached skill level 1 in Shields
  1265 | D:4      | Reached XP level 5. HP: 28/38 MP: 4/7
  1336 | D:4      | Reached skill level 5 in Fighting
  1558 | D:3      | Found a stormy altar of Qazlal.
  1758 | D:4      | Reached XP level 6. HP: 27/54 MP: 8/8
  1819 | D:5      | Entered Level 5 of the Dungeon
  2326 | D:6      | Reached XP level 7. HP: 45/62 MP: 9/9
  2379 | D:6      | Became a worshipper of Beogh the Brigand
  2622 | D:5      | Found a staircase to the Ecumenical Temple.
  2778 | D:5      | Identified the +3 robe of Icweh {rElec}
  2825 | D:6      | Noticed a yak
  2825 | D:6      | Noticed a yak
  2826 | D:6      | Noticed a yak
  2965 | D:6      | Found a radiant altar of Vehumet.
  2967 | D:6      | Found a glowing silver altar of Zin.
  2967 | D:6      | Found a burning altar of Makhleb.
  2977 | D:6      | You fall into a shaft and drop 2 floors!
  3239 | D:7      | Reached XP level 8. HP: 68/74 MP: 4/10
  3274 | D:7      | Reached skill level 1 in Invocations
  3307 | D:7      | Reached skill level 1 in Throwing
  3307 | D:7      | Reached skill level 2 in Invocations
  3307 | D:7      | Reached skill level 1 in Evocations
  3394 | D:7      | Found a sacrificial altar of Ru.
  3410 | D:7      | Reached * piety under Beogh
  3411 | D:7      | Reached skill level 3 in Invocations
  3411 | D:7      | Reached skill level 1 in Fire Magic
  3416 | D:7      | Learned a level 4 spell: Sticky Flame
  3624 | D:7      | Found Itwi Ole's Antique Weapon Shoppe.
  3725 | D:7      | Reached skill level 5 in Fire Magic
  3865 | D:8      | Reached XP level 9. HP: 75/81 MP: 4/12
  3932 | D:8      | Found a blossoming altar of Fedhas.
  3982 | D:8      | Reached skill level 5 in Conjurations
  4009 | D:8      | Noticed Joseph
  4037 | D:8      | Killed Joseph
  4253 | D:7      | Reached ** piety under Beogh
  4294 | D:8      | Reached skill level 10 in Fighting
  4455 | D:8      | Noticed a two-headed ogre
  4724 | D:9      | Reached skill level 5 in Armour
  4724 | D:9      | Reached skill level 5 in Shields
  4742 | D:9      | Reached skill level 4 in Invocations
  4762 | D:10     | Entered Level 10 of the Dungeon
  4944 | D:9      | Noticed a boulder beetle
  4958 | D:9      | Reached XP level 10. HP: 85/93 MP: 13/13
  5045 | D:10     | Reached skill level 5 in Invocations
  5087 | D:10     | Found a runed translucent gate.
  5087 | D:10     | Found a runed translucent gate.
  5087 | D:10     | Found a runed translucent gate.
  5087 | D:10     | Found an opulent altar of Gozag.
  5088 | D:10     | Noticed a centaur warrior
  5089 | D:10     | Noticed Jingleheimer's ghost (journeyman OpTm)
  5089 | D:10     | Noticed a boulder beetle
  5216 | D:10     | Found a staircase to the Lair.
  5327 | D:10     | Reached skill level 6 in Invocations
  5416 | D:10     | Found a basalt altar of Yredelemnul.
  5458 | D:10     | Noticed a two-headed ogre
  5527 | D:11     | Noticed a two-headed ogre
  5619 | D:11     | Noticed a wizard
  5735 | D:11     | Reached *** piety under Beogh
  5841 | D:11     | Noticed a gargoyle
  5855 | D:12     | Noticed an unseen horror
  5863 | D:12     | Killed an unseen horror
  5930 | D:12     | Noticed Rupert
  5983 | D:12     | Noticed a deep elf pyromancer
  5988 | D:12     | Killed a deep elf pyromancer
  6061 | D:12     | Noticed a gargoyle
  6076 | D:11     | Killed a two-headed ogre
  6077 | D:11     | Reached XP level 11. HP: 54/99 MP: 7/15
  6135 | Lair:1   | Entered Level 1 of the Lair of Beasts
  6152 | Lair:1   | Noticed a minotaur
  6155 | Lair:1   | Noticed Fractals's ghost (journeyman HOFi)
  6440 | D:10     | Killed a two-headed ogre
  6828 | D:8      | Killed a two-headed ogre
  7093 | D:11     | Noticed Fannar
  7103 | D:11     | Killed Fannar
  7128 | D:11     | Got Everyday Thaumaturgy
  7168 | D:11     | Found a staircase to the Orcish Mines.
  7180 | Orc:1    | Entered Level 1 of the Orcish Mines
  7222 | Orc:1    | Noticed an orc sorcerer
  7225 | Orc:1    | Killed an orc sorcerer
  7243 | Orc:1    | Reached **** piety under Beogh
  7253 | Orc:1    | Noticed an orc knight
  7262 | Orc:1    | Killed an orc knight
  7274 | Orc:1    | Found a dark tunnel.
  7280 | Volcano  | Entered a volcano
  7338 | Volcano  | Reached XP level 12. HP: 72/112 MP: 16/16
  7345 | Volcano  | Reached skill level 5 in Dodging
  7596 | Volcano  | Reached skill level 7 in Invocations
  7629 | Volcano  | Noticed a sun demon
  7656 | Volcano  | Reached skill level 8 in Invocations
  7867 | Lair:1   | Found a runed translucent gate.
  7867 | Lair:1   | Found a runed translucent gate.
  7867 | Lair:1   | Found a runed translucent gate.
  8225 | Lair:1   | Reached skill level 9 in Invocations
  8297 | Lair:1   | Reached skill level 10 in Invocations
  8357 | Lair:1   | Reached skill level 5 in Evocations
  8367 | Lair:1   | Found a transporter.
  8368 | Lair:1   | Found a transporter.
  8370 | Lair:1   | Noticed a boulder beetle
  8371 | Lair:1   | Noticed a boulder beetle
  8632 | Lair:2   | Noticed a six-headed hydra
  8638 | Lair:2   | Killed a six-headed hydra
  8704 | Lair:2   | Gained Dorog as an ally
  8757 | Lair:2   | Your ally Dorog died
  8804 | Lair:2   | Found a staircase to the Snake Pit.
  8846 | Lair:2   | Reached skill level 10 in Armour
  8846 | Lair:2   | Reached skill level 10 in Shields
  8999 | Lair:3   | Noticed a skyshark
  9015 | Lair:3   | Killed a skyshark
  9016 | Lair:3   | Reached XP level 13. HP: 96/118 MP: 4/20
  9126 | Lair:3   | Reached ***** piety under Beogh
  9153 | Lair:3   | Found a staircase to the Shoals.
  9205 | Lair:3   | Gained Boldo as an ally
  9622 | Orc:1    | Found a roughly hewn altar of Beogh.
 10570 | Lair:4   | You fall into a shaft and drop 1 floor!
 10570 | Lair:5   | Entered Level 5 of the Lair of Beasts
 10580 | Lair:5   | Noticed Sonja
 10599 | Lair:5   | Killed Sonja
 10608 | Lair:5   | Gained Milork as an ally
 10612 | Lair:5   | Found a runed translucent gate.
 10612 | Lair:5   | Found a runed translucent gate.
 10612 | Lair:5   | Found a runed translucent gate.
 10769 | Lair:5   | Noticed wWBigheadWw's ghost (journeyman MiBe)
 10937 | Lair:5   | Reached skill level 11 in Invocations
 11110 | Lair:5   | Reached skill level 12 in Invocations
 11131 | Lair:5   | Reached XP level 14. HP: 113/132 MP: 23/23
 11134 | Lair:5   | Reached ****** piety under Beogh
 11381 | Lair:4   | Found a runed translucent door.
 11383 | Lair:4   | Found a staircase to the Slime Pits.
 11701 | Orc:1    | Identified the +5 chain mail "Ocuapoet" {rPois}
 11993 | D:12     | Killed Rupert
 11994 | D:12     | Reached skill level 13 in Invocations
 12008 | D:12     | Found Ibohulag's Jewellery Shop.
 12224 | D:12     | Gained Korbok as an ally
 12493 | D:12     | Noticed Frances
 12504 | D:12     | Your ally Korbok died
 12505 | D:12     | Killed Frances
 12611 | Orc:1    | Noticed an orc warlord
 12650 | Orc:1    | Killed an orc warlord
 12651 | Orc:1    | Reached skill level 14 in Invocations
 12753 | Orc:1    | You fall into a shaft and drop 1 floor!
 12753 | Orc:2    | Entered Level 2 of the Orcish Mines
 13087 | D:13     | Gained Bogdar as an ally
 13406 | D:13     | Found a radiant altar of Vehumet.
 13719 | Lair:2   | Gained Wargath as an ally
 14097 | Shoals:1 | Entered Level 1 of the Shoals
 14254 | Shoals:1 | Reached skill level 15 in Invocations
 14395 | Shoals:1 | Noticed Jorgrun
 14401 | Shoals:1 | Killed Jorgrun
 14402 | Shoals:1 | Reached XP level 15. HP: 127/138 MP: 14/26
 14497 | Shoals:1 | HP: 6/138 [poisoned by a merfolk impaler]
 14502 | Shoals:1 | HP: 6/138 [poisoned by a merfolk impaler]
 15097 | Shoals:2 | Identified the +7 scale mail of Zywaho Urux {Drain Will++
                  | Str-3 Int+9}
 15261 | Shoals:2 | Reached skill level 15 in Fighting
 15386 | Shoals:2 | Gained Learuk as an ally
 15987 | Shoals:4 | Entered Level 4 of the Shoals
 16466 | Shoals:4 | Reached skill level 5 in Axes
 16855 | Shoals:4 | Reached XP level 16. HP: 77/149 MP: 17/27
 17114 | Shoals:4 | Noticed a kraken
 17121 | Shoals:4 | Found Aemeic's Alliterative Accessories.
 17397 | Shoals:4 | Bought a scroll of acquirement for 884 gold pieces
 17399 | Shoals:4 | Acquired 1129 gold pieces
 17401 | Shoals:4 | Bought a manual of Armour for 1360 gold pieces
 17518 | Shoals:4 | Noticed a kraken
 17614 | Shoals:4 | Your ally Wargath died
 17626 | Shoals:4 | Your ally Milork died
 17690 | Shoals:4 | Killed a kraken
 17700 | Shoals:4 | Got a barnacled rune of Zot
 17934 | Shoals:4 | Killed a kraken
 17976 | Shoals:4 | Noticed Esekla's ghost (adept DEWn)
 17988 | Shoals:4 | Found a transporter.
 18005 | Shoals:4 | Found a transporter.
 18081 | Shoals:4 | Identified the +1 morningstar of Iconoclasm {venom, rC+ rN+
                  | Str+4 Dex+3}
 18251 | Shoals:4 | Identified the staff of conjuration "Fer Liut" {rF+ rC+
                  | Dex+5}
 18533 | Snake:1  | Entered Level 1 of the Snake Pit
 18796 | Snake:1  | Gained Milork as an ally
 18823 | Snake:1  | Reached skill level 15 in Armour
 19932 | Snake:2  | Found Zivvovut's Neck Hole.
 20116 | Snake:3  | Reached XP level 17. HP: 116/156 MP: 24/28
 20343 | Snake:3  | Noticed Roxanne
 20379 | Snake:3  | Killed Roxanne
 20388 | Snake:3  | Acquired the +0 hat of the First Mystics {rF+++ Regen+
                  | rCorr Int-5}
 20404 | Snake:3  | Found a shimmering blue altar of Sif Muna.
 20577 | Snake:3  | Reached skill level 15 in Shields
 20793 | Snake:4  | Entered Level 4 of the Snake Pit
 20920 | Snake:4  | Reached skill level 16 in Invocations
 20920 | Snake:4  | Reached XP level 18. HP: 163/163 MP: 28/30
 20969 | Snake:4  | Reached skill level 17 in Invocations
 21390 | Snake:4  | Reached skill level 18 in Invocations
 21644 | Snake:4  | Got a serpentine rune of Zot
 21930 | Lair:1   | Reached skill level 19 in Invocations
 21938 | Lair:1   | Killed Fractals's ghost
 22019 | D:14     | Noticed Urug
 22019 | D:14     | Found a gate to the Vaults.
 22037 | D:13     | Gained Ugrim as an ally
 22089 | D:13     | Killed Urug
 22175 | D:14     | Found a transporter.
 22176 | D:14     | Found Ickilufu's General Store.
 22615 | D:14     | Found an iron altar of Okawaru.
 22638 | D:14     | Found a transporter.
 22650 | D:14     | Bought a potion of curing for 39 gold pieces
 22650 | D:14     | Bought a scroll of enchant weapon for 97 gold pieces
 22713 | D:14     | Acquired a +2 kite shield of reflection
 22726 | D:14     | Acquired the +4 pair of gloves of Dirol {rPois}
 22789 | D:15     | Entered Level 15 of the Dungeon
 23010 | D:15     | Found a staircase to the Depths.
 23297 | Orc:2    | Found a staircase to the Elven Halls.
 23326 | Orc:2    | Paralysed by an orc sorcerer for 5 turns
 23335 | Orc:2    | Gained Gorbash as an ally
 23350 | Elf:1    | Entered Level 1 of the Elven Halls
 23424 | Elf:1    | Found a magical portal.
 23427 | WizLab   | Entered Tukima's Studio
 23659 | WizLab   | Noticed a walking earthen tome
 23668 | WizLab   | Killed a walking earthen tome
 23670 | WizLab   | Noticed a walking earthen tome
 23676 | WizLab   | Noticed a walking crystal tome
 23798 | WizLab   | Killed a walking crystal tome
 23799 | WizLab   | Reached XP level 19. HP: 170/170 MP: 22/32
 24462 | Elf:1    | Reached skill level 10 in Axes
 24713 | Elf:1    | Found Jaeseru's Distillery.
 24725 | Elf:1    | Found a portal to a secret trove of treasure.
 24831 | Elf:2    | Found Coadipp's Distillery.
 24843 | Elf:2    | Bought a potion of curing for 36 gold pieces
 24843 | Elf:2    | Bought a potion of curing for 36 gold pieces
 24843 | Elf:2    | Bought a potion of heal wounds for 60 gold pieces
 24843 | Elf:2    | Bought a potion of resistance for 120 gold pieces
 24847 | Elf:2    | Bought a potion of ambrosia for 96 gold pieces
 24857 | Elf:2    | Noticed a Tzitzimitl
 24875 | Elf:2    | Gained Herok as an ally
 24900 | Elf:1    | Bought 2 potions of curing for 78 gold pieces
 24900 | Elf:1    | Bought a potion of heal wounds for 65 gold pieces
 24900 | Elf:1    | Bought a potion of mutation for 104 gold pieces
 24900 | Elf:1    | Bought a potion of haste for 130 gold pieces
 24900 | Elf:1    | Bought a potion of magic for 104 gold pieces
 24900 | Elf:1    | Bought a potion of heal wounds for 65 gold pieces
 24900 | Elf:1    | Bought a potion of invisibility for 104 gold pieces
 24936 | Elf:2    | Found a huge runed translucent gate.
 24936 | Elf:2    | Found a huge runed translucent gate.
 24936 | Elf:2    | Found a huge runed translucent gate.
 24936 | Elf:2    | Found a huge runed translucent gate.
 24936 | Elf:2    | Identified the +1 war axe of the Well-Known Tables {heavy,
                  | Dex+2}
 24940 | Elf:2    | Found a huge runed translucent gate.
 25226 | Elf:3    | Entered Level 3 of the Elven Halls
 25235 | Elf:3    | Identified the +1 ring mail "Dauracs" {+Blink Slay+3}
 25613 | Elf:3    | Paralysed by an air elemental for 1 turns
 25876 | Elf:3    | Noticed a Brimstone Fiend
 25935 | Elf:3    | Identified the +8 rapier "Ubiunk" {drain, rPois rF+ Int-2
                  | Dex+3}
 25943 | Elf:3    | Identified the ring of Spring {Fire *Corrode SInv Stlth+}
 25952 | Elf:3    | Noticed a Brimstone Fiend
 25956 | Elf:3    | Noticed a Hell Sentinel
 26027 | Elf:3    | Reached skill level 15 in Axes
 26080 | Abyss:2  | Cast into level 2 of the Abyss (a deep elf sorcerer)
 26233 | Abyss:2  | Gained mutation: You are weak. (Str -2) [a neqoxec]
 26253 | Abyss:2  | Paralysed by accursed screaming for 1 turns
 26407 | Abyss:2  | Found a corrupted altar of Lugonu.
 26415 | Elf:3    | Escaped the Abyss
 26442 | Elf:3    | Identified the +7 trident of the Owl {drain, rC+}
 26452 | Elf:3    | Identified the +1 executioner's axe of Seux {speed, rC- rN+
                  | Int+3 SInv}
 26452 | Elf:3    | Identified the +3 leather armour of Quantum Leap {rElec}
 26452 | Elf:3    | Identified the ring "Aquerevu" {Drain Str+4 Int+6}
 26461 | Elf:3    | Reached skill level 5 in Stealth
 26466 | Elf:3    | Identified the +5 halberd of the Rattlesnake {antimagic,
                  | rC+ Str-5 Int+6}
 26468 | Elf:3    | Identified the amulet "Qeimij" {Faith SInv}
 26513 | Elf:3    | Identified the +9 halberd of Ambiguity {heavy, rN+ Will+
                  | Str-2 Stlth+}
 26519 | Elf:3    | Identified the +4 dagger "Murmur" {freeze, rN+ Str+6}
 26880 | Vaults:1 | Entered Level 1 of the Vaults
 26880 | Vaults:1 | Noticed Zenata
 27037 | D:14     | Killed Zenata
 27185 | Vaults:1 | Reached XP level 20. HP: 178/178 MP: 33/33
 27465 | Vaults:1 | Found Buhir's Antique Armour Shop.
 27684 | Vaults:2 | Your ally Gorbash died
 27811 | Vaults:3 | Found Hetsydakk's Distillery.
 27821 | Vaults:3 | Bought a potion of heal wounds for 70 gold pieces
 27821 | Vaults:3 | Bought a potion of lignification for 42 gold pieces
 27821 | Vaults:3 | Bought a potion of lignification for 42 gold pieces
 27821 | Vaults:3 | Bought a potion of heal wounds for 70 gold pieces
 27821 | Vaults:3 | Bought a potion of haste for 140 gold pieces
 27821 | Vaults:3 | Bought a potion of lignification for 42 gold pieces
 27821 | Vaults:3 | Bought a potion of ambrosia for 112 gold pieces
 27837 | Vaults:4 | Noticed Saint Roka
 27855 | Vaults:4 | Killed Saint Roka
 27880 | Vaults:4 | Found a crumbling gateway.
 27893 | Desolati | Entered the Desolation of Salt
 28210 | Desolati | Found the +16 obsidian axe {drain, demonic, Mesm Drain Fly
                  | SInv}
 28273 | Desolati | Identified the amulet "Ruutsam" {Faith Harm rF++ rN+ Str-3}
 28282 | Desolati | Identified the ring "Wearimn" {Drain rElec EV+5 Int+2
                  | Stlth+}
 28536 | Desolati | Found the +10 zealot's sword {holy, Zealotry, *Rage rN+
                  | EV+3}
 28585 | Desolati | Identified the ring of Dithmenos's Outrage {Ice rCorr Dex+3
                  | Slay+3}
 28609 | Desolati | Identified the +2 long sword of the Nurturing Gods
                  | {distort, rN+ Int+4}
 28623 | Desolati | Identified the ring "Suto Dem" {Fire rElec Will+}
 28632 | Desolati | Got the Quarto of Places and Ill Luck
 28925 | Vaults:4 | Found Peosuq's Antique Armour Shop.
 28932 | Vaults:4 | Bought a spiked chain mail for 351 gold pieces
 28932 | Vaults:4 | Identified the +4 chain mail "Wofe" {Str+2} (You bought it
                  | in a shop on level 4 of the Vaults)
 28947 | Vaults:5 | Entered Level 5 of the Vaults
 29044 | Vaults:3 | Reached skill level 20 in Invocations
 29339 | Orc:2    | Found Foiph's Weapon Emporium.
 29343 | Orc:2    | Gained Spirok as an ally
 29357 | Orc:2    | Reached XP level 21. HP: 176/184 MP: 35/35
 29358 | Orc:2    | Found Waid's Book Shoppe.
 29390 | Orc:2    | Found Peraf's Magic Scroll Shop.
 29399 | Orc:2    | Found Ruinitzo's Book Emporium.
 29414 | Orc:2    | Bought a scroll of teleportation for 39 gold pieces
 29414 | Orc:2    | Bought a scroll of teleportation for 39 gold pieces
 29414 | Orc:2    | Bought a scroll of summoning for 123 gold pieces
 29706 | Depths:1 | Entered Level 1 of the Depths
 29750 | Depths:1 | Found an ornate altar of the Wu Jian Council.
 29757 | Depths:1 | Found Ocullughe's Antique Weapon Emporium.
 29757 | Depths:1 | Found Doguzioch's Armour Shoppe.
 29820 | Depths:1 | Gained mutation: Potions are less effective at restoring
                  | your health. [a shining eye]
 29822 | Depths:1 | Gained mutation: You do not regenerate when monsters are
                  | visible. [a shining eye]
 29825 | Depths:1 | Lost mutation: Potions are less effective at restoring your
                  | health. [potion of mutation]
 29825 | Depths:1 | Lost mutation: You do not regenerate when monsters are
                  | visible. [potion of mutation]
 29825 | Depths:1 | Gained mutation: You expend magic power (3 MP) to
                  | strengthen your wands. [potion of mutation]
 29825 | Depths:1 | Gained mutation: You are somewhat resistant to further
                  | mutation. [potion of mutation]
 29953 | Depths:1 | Gained Margrim as an ally
 30072 | Depths:1 | Found a gateway to Hell.
 30126 | Depths:1 | Gained Bolgrim as an ally
 30200 | Depths:2 | Found a one-way gate leading to the halls of Pandemonium.
 30205 | Depths:2 | Your ally Margrim died
 30205 | Depths:2 | Your ally Bolgrim died
 30489 | Depths:1 | Found a one-way gateway to a ziggurat.
 30657 | Depths:1 | Identified the +11 quarterstaff of the Moth {vamp, Will-
                  | Int+7}
 31063 | Depths:3 | Identified the +1 cloak of the Stone Wall {MP+9 Dex+3}
 31089 | Depths:3 | Identified the ring of Zuerr {rPois rN+ Dex-3 Slay+3}
 31637 | Depths:3 | Identified the staff of conjuration "Ebbit" {rC+}
 31658 | Depths:4 | Entered Level 4 of the Depths
 31754 | Depths:4 | Noticed a bone dragon
 31821 | Depths:3 | Killed a bone dragon
 31869 | Depths:4 | Found a gate to the Realm of Zot.
 31876 | Depths:4 | Noticed a golden dragon
 31906 | Depths:4 | Killed a golden dragon
 31988 | Depths:4 | Reached XP level 22. HP: 196/207 MP: 36/36
 32322 | Slime:1  | Entered Level 1 of the Pits of Slime
 32473 | Slime:4  | Gained Ugbert as an ally
 32474 | Slime:4  | Your ally Ugbert died
 32497 | Slime:5  | Entered Level 5 of the Pits of Slime
 32697 | Slime:5  | Gained Olfik as an ally
 32725 | Slime:5  | Noticed the Royal Jelly
 32738 | Slime:5  | Your ally Olfik died
 32742 | Slime:5  | Killed the Royal Jelly
 32785 | Slime:5  | Reached skill level 10 in Dodging
 32977 | Slime:5  | Got a slimy rune of Zot
 32988 | Slime:5  | Found the +5 robe of Night {Dark Will+ SInv}
 33000 | Slime:5  | Identified the +8 flail of Darkness {freeze, rElec Str+2}
 33001 | Slime:5  | Identified the +6 shortbow of Fragile Peace {freeze, rElec
                  | Stlth+}
 33014 | Slime:5  | Identified the +8 sling of the Blushing Coward {freeze,
                  | Contam Will+ Dex+6}
 33514 | Vaults:4 | Your ally Herok died
 33818 | Vaults:5 | Noticed a golden dragon
 33826 | Vaults:4 | Killed a golden dragon
 33842 | Vaults:5 | Gained mutation: Your magical capacity is low. (-10% MP) [a
                  | shining eye]
 33870 | Vaults:4 | Gained Morguth as an ally
 33945 | Vaults:5 | Found the +7 great mace "Undeadhunter" {deathbane, rN+}
 34052 | Vaults:5 | Noticed a golden dragon
 34056 | Vaults:5 | Reached XP level 23. HP: 213/215 MP: 33/33
 34066 | Vaults:5 | Killed a golden dragon
 34073 | Vaults:5 | Gained Thorok as an ally
 34081 | Vaults:5 | Your ally Thorok died
 34121 | Vaults:5 | Noticed an ancient lich
 34133 | Vaults:5 | Killed an ancient lich
 34164 | Vaults:5 | Identified the +2 leather armour of Hioqitre {rC+ Str+7
                  | Dex+3}
 34324 | Vaults:5 | Got a silver rune of Zot
 34429 | Vaults:5 | Found Loik's Magic Scroll Emporium.
 34434 | Vaults:5 | Identified the +1 long sword of Impermanence {vamp,
                  | *Corrode Str+4 Int+3}
 34439 | Vaults:5 | Bought a scroll of teleportation for 48 gold pieces
 34439 | Vaults:5 | Bought a scroll of blinking for 120 gold pieces
 34439 | Vaults:5 | Bought a scroll of teleportation for 48 gold pieces
 35155 | Depths:2 | Gained Zorug as an ally
 35155 | Depths:2 | Gained Berold as an ally
 35191 | Depths:2 | Noticed Grunn
 35192 | Depths:2 | Noticed a caustic shrike
 35198 | Depths:2 | Killed a caustic shrike
 35199 | Depths:2 | Reached skill level 10 in Evocations
 35203 | Depths:2 | Killed Grunn
 35212 | Depths:2 | Your ally Berold died
 35215 | Depths:2 | Your ally Zorug died
 35322 | Depths:2 | Gained Ugbert as an ally
 35346 | Depths:2 | Noticed Louise
 35348 | Depths:2 | Found a one-way gate to the infinite horrors of the Abyss.
 35364 | Depths:2 | Killed Louise
 35397 | Depths:2 | Voluntarily entered the Abyss.
 35401 | Abyss:2  | Found a corrupted altar of Lugonu.
 35406 | Abyss:2  | Found a corrupted altar of Lugonu.
 35409 | Abyss:2  | Found a corrupted altar of Lugonu.
 35411 | Abyss:2  | Found a corrupted altar of Lugonu.
 35528 | Abyss:3  | Found a corrupted altar of Lugonu.
 35567 | Abyss:3  | Noticed a dread lich
 35567 | Abyss:3  | Paralysed by a dread lich for 4 turns
 35574 | Abyss:3  | Killed a dread lich
 35648 | Abyss:3  | Gained Boldo as an ally
 35686 | Abyss:3  | Your ally Boldo died
 35875 | Abyss:3  | Got an abyssal rune of Zot
 36025 | Abyss:3  | Reached skill level 21 in Invocations
 36066 | Abyss:3  | Found a corrupted altar of Lugonu.
 36177 | Depths:2 | Escaped the Abyss
 36286 | Zot:1    | Entered Level 1 of the Realm of Zot
 36349 | Zot:1    | Reached XP level 24. HP: 218/224 MP: 34/34
 36406 | Zot:1    | Noticed a curse toe
 36420 | Zot:1    | Killed a curse toe
 36517 | Zot:2    | Reached skill level 22 in Invocations
 36547 | Zot:2    | Found a transporter.
 36555 | Zot:2    | Found a transporter.
 36668 | Zot:2    | Gained Syrus as an ally
 36703 | Zot:3    | Found the +4 dragonskin cloak
 36703 | Zot:3    | Noticed Tiamat
 36713 | Zot:3    | Was placed under penance by Beogh
 36714 | Zot:3    | Your ally Syrus died
 36856 | Zot:3    | Reached skill level 23 in Invocations
 37190 | Zot:2    | Noticed a curse toe
 37530 | Zot:2    | Found a transporter.
 37556 | Zot:2    | Found a transporter.
 37873 | Zot:3    | Killed Tiamat
 38157 | Zot:5    | Entered Level 5 of the Realm of Zot
 38581 | Zot:5    | Noticed a Killer Klown
 38582 | Zot:5    | Noticed a Killer Klown
 38623 | Zot:4    | Killed a Killer Klown
 38633 | Zot:5    | Noticed an ancient lich
 38723 | Zot:4    | Killed an ancient lich
 38772 | Zot:5    | Noticed an ancient lich
 38778 | Zot:5    | Noticed an ancient lich
 38819 | Zot:4    | Killed a Killer Klown
 38820 | Zot:4    | Reached XP level 25. HP: 229/238 MP: 34/34
 38847 | Zot:5    | Noticed a Killer Klown
 38884 | Zot:4    | Killed an ancient lich
 38946 | Zot:4    | Killed an ancient lich
 38995 | Zot:5    | a Killer Klown changed into a rockslime
 39047 | Zot:5    | Noticed a Killer Klown
 39053 | Zot:5    | Noticed a Killer Klown
 39053 | Zot:5    | a Killer Klown changed into a rockslime
 39054 | Zot:5    | Noticed an orb of fire
 39081 | Zot:5    | Killed a Killer Klown
 39092 | Zot:5    | Killed an orb of fire
 39137 | Zot:5    | Was forgiven by Beogh
 39226 | Zot:5    | Noticed a Killer Klown
 39249 | Zot:5    | Noticed an ancient lich
 39253 | Zot:5    | a Killer Klown changed into a titan
 39276 | Zot:5    | Killed an ancient lich
 39532 | Zot:5    | Got the Orb of Zot
 39562 | Zot:5    | Noticed an orb of fire
 39573 | Zot:5    | Noticed an ancient lich
 39903 | D:13     | Noticed Peweuh the pandemonium lord
 39917 | D:13     | Killed Peweuh the pandemonium lord
 40169 | D:$      | Escaped with the Orb!

Illustrated notes

Levels and vault maps discovered:
D:1:      elethiomel_arrival_shortcut, layout_basic,
          dreamdust_ecumenical_altar_grove, serial_shops,
          nicolae_shop_rolling_square
D:2:      layout_loops_cross
D:3:      layout_loops_ring, grunt_qazlal_sundering, grunt_gozag_breadcrumbs
D:4:      layout_basic, serial_aquarium, aquarium_bridge_long_separate
          [aquarium_subvault_bridge, aquarium_subvault_bridge,
          aquarium_subvault_wall, aquarium_subvault_bridge,
          aquarium_subvault_bridge, aquarium_subvault_wall], aquarium_window_1,
          aquarium_window_2, aquarium_view_2c, aquarium_view_2d, aquarium_pool_2
D:5:      layout_basic, minmay_temple_entry_waves
D:6:      layout_basic, chequers_temple_overflow_statue_of_worship,
          kennysheep_flooded_box
D:7:      layout_loops_ring, nicolae_ru_path_of_blood, serial_shops,
          nicolae_shop_tiny_glass
D:8:      layout_cave_pools, kennysheep_mini, uniq_joseph
D:9:      layout_layer_cave
D:10:     layout_long_grid, nemelex_diamond_rough_becter,
          yredelemnul_altar_generic, lair_entry_dummy, ebering_ghost_gozag,
          nicolae_sextant, kennysheep_boxes
D:11:     layout_loops_ring, orc_0_dummy, minmay_quadrilaterals, uniq_fannar
D:12:     layout_stronghold, serial_shops, nicolae_inconvenience_store,
          uniq_rupert, uniq_frances
D:13:     layout_gridville, vehumet_statue
D:14:     layout_roguey, david_vaults_3, okawaru_ov_weapons_minmay,
          serial_shops, nicolae_shop_drivethru
D:15:     gammafunk_depths_entry_grave, layout_cave_pools, serial_bayou,
          serial_bayou_pond_a, serial_bayou_pond_d, serial_bayou_crossing,
          serial_bayou_pond_a
Lair:1:   gammafunk_boulding_lane, layout_regular_city,
          maelrawn_ghost_gauntlet_escape, beast_lair_carwin_9
Lair:2:   layout_gridlike, guppyfry_snake_entry_garden, grunt_megastairs_2
Lair:3:   layout_regular_city, minmay_shoals_entry_centaurs
Lair:4:   layout_gridlike, slime_entry_2, minmay_stone_trees_small
Lair:5:   gammafunk_lair_ancient_temple, layout_gridlike,
          ebering_ghost_rock_garden, serial_bayou, serial_bayou_shore_a,
          serial_bayou_ford_a, serial_bayou_lake_a, serial_bayou_pond_d,
          st_stairs_11, uniq_sonja, uniq_urug
Shoals:1: layout_shoals, uniq_jorgrun
Shoals:2: layout_shoals
Shoals:3: layout_shoals
Shoals:4: shoals_end_hangedman, layout_shoals,
          gammafunk_ghost_berserking_beasts, nicolae_alphabet_shops
Snake:1:  layout_chambers
Snake:2:  layout_gridlike, nicolae_shop_sticking_my_neck_out, grunt_megastairs_4
Snake:3:  layout_gridlike, basic_altar, serial_bayou_lagoon_b, uniq_roxanne
Snake:4:  johnstein_snake_rune_scales, layout_rooms, serial_corexii_hall,
          corexii_hall_statues_x, chequers_hall_statues_wall_a
Slime:1:  cheibrodos_slime_lost_civilization_2, layout_caves
Slime:2:  layout_caves
Slime:3:  layout_caves, basic_altar
Slime:4:  layout_caves, nicolae_slime_barrier
Slime:5
Orc:1:    layout_diamond_mine, basic_altar, enter_volcano_4, elf_legates
Orc:2:    st_orc_open, layout_caves, gammafunk_ghost_smash
Elf:1:    layout_geoelf_grid, mu_enter_wizlab_7, enter_trove_6, serial_shops,
          nicolae_shop_tiny_glass, hangedman_elven_crosses_minicolossus,
          drop_trap, glass_columns_a, corexii_hall_statues_x
Elf:2:    elven_hall_of_blades_hangedman_alternative
          [mumra_blade_entry_bloodbath], layout_gridlike, serial_shops, shop,
          uniq_azrael, uniq_nikola, uniq_asterion
Elf:3:    grunt_elf_hall_asides, layout_onion_city
Vaults:1: nicolae_vaults_turnstiles, v_alt_pattern_1, nicolae_vaults_asterisk,
          nicolae_vaults_asterisk, nicolae_vaults_little_squares_3,
          nicolae_vaults_tetromino_Z_2, v_misc_4, vaults_room_pools,
          vaults_standard_mumra_lines, layout_vaults_omnigrid, serial_shops,
          shop, uniq_zenata
Vaults:2: v_pattern_4, nicolae_vaults_shipping_containers_7,
          nicolae_vaults_little_squares_4, v_alt_pattern_4,
          nicolae_vaults_ring_of_whatevers, vaults_dpeg_encased_lava,
          nicolae_vaults_weapon_check, vaults_standard_mumra_enter_the_diamond,
          nicolae_vaults_diamond_2, v_alt_pattern_3, nicolae_vaults_mitosis,
          nicolae_vaults_twisting_passages, vaults_room_grid,
          hangedman_vaults_capsules, nicolae_vaults_circle_grid_b,
          layout_vaults_maze_bifur
Vaults:3: ontoclasm_vaults_bender, hangedman_vaults_slice,
          nicolae_vaults_alarming, v_misc_24, minmay_crypt_entry_necro_gods,
          nicolae_vaults_closet_pinwheel_6, st_cells, v_rooms_4,
          v_alt_pattern_5, grunt_vaults_funnel, ontoclasm_vaults_hangar,
          nicolae_vaults_cochlea, layout_vaults_big_room, serial_shops, shop,
          uniq_donald, uniq_bai_suzhen
Vaults:4: portal_desolation_entry_salt, nicolae_vaults_cornered_office,
          v_alt_pattern_4, vaults_room_octagon, hangedman_vaults_maws,
          ontoclasm_vaults_claustrophobia, nicolae_vaults_an_arrangement,
          nicolae_vaults_windows_and_doors_thing, v_misc_11,
          nicolae_vaults_wine_cellar, nicolae_vaults_tangram_2,
          nicolae_vaults_two_Ls, nicolae_vaults_yaktaur_gun_rack,
          layout_vaults_big_cross, serial_shops, shop, uniq_saint_roka
Vaults:5
Depths:1: layout_basic, enter_ziggurat_c, hell_entry, nzn_wu_jian_contemplation,
          firewood_loft, minmay_shoptagon
Depths:2: dreamdust_isle_of_ice, layout_twisted_cross,
          chequers_serial_rivers_large_a, pan_entry,
          nicolae_abyss_entry_one_way_or_another, grunt_hell_horde,
          argonaut_fire_from_heaven, uniq_grunn
Depths:3: minmay_the_grid_plus [minmay_the_grid_armoury,
          minmay_the_grid_minigrid_large, minmay_the_grid_odd_star,
          minmay_the_grid_minigrid_medium,
          minmay_the_grid_prize_four_corners_diamond_a], layout_cave_pools,
          chequers_serial_rivers_micro_c, abyss_entry, pf_dread_powers_of_hell
Depths:4: evilmike_zot_entry_argh, layout_honeycomb, hangedman_decor_lopped,
          pf_coc_iceberg
Zot:1:    layout_twisted_circle
Zot:2:    layout_basic, st_stairs_13, grunt_ministairs_12,
          nicolae_transporter_intersection
Zot:3:    layout_basic, serial_nicolae_subway, nicolae_sub_station_stone,
          nicolae_sub_station_metal, nicolae_sub_station_crystal, uniq_vv,
          uniq_tiamat
Zot:4:    kennysheep_six_static_rooms, layout_cathedral_of_symmetry,
          nrook_zot_tub
Zot:5:    layout_misc_corridors, lemuel_flame_loot_1

Skill      XL: |  1  2  3  4  5  6  7  8  9 10 11 12 13 14 15 16 17 18 19 20 21 22 23 24 25 |
---------------+----------------------------------------------------------------------------+-----
Armour         | 1 2 4 5 7 9 10 11 13 15 18 19 20 21 | 21.9
Dodging        | 2 3 4 6 7 8 9 13 14 | 14.0
Stealth        | 1 2 3 6 |  6.0
Fighting       | 3 4 5 6 8 10 12 14 15 19 20 22 | 22.0
Shields        | 1 3 4 5 7 9 10 11 13 14 15 19 20 21 | 21.9
Invocations    | 3 4 6 10 12 15 16 19 20 21 23 | 23.0
Throwing       | 1 2 3 |  3.0
Evocations     | 2 4 6 7 8 10 | 10.0
Fire Magic     | 5 6 7 8 |  8.0
Spellcasting   | 2 3 4 |  4.0
Conjurations   | 5 6 7 |  7.0
Axes           | 7 8 15 18 20 | 20.0

Action                     |  1- 3 |  4- 6 |  7- 9 | 10-12 | 13-15 | 16-18 | 19-21 | 22-24 | 25-27 || total
---------------------------+-------+-------+-------+-------+-------+-------+-------+-------+-------++-------
  Melee: Hand axe          |    99 |   156 |   257 |       |       |       |       |       |       ||   512
         Punch             |     2 |       |       |       |       |       |       |       |       ||     2
         Falchion          |       |       |    34 |       |       |       |       |       |       ||    34
         Trident           |       |       |    31 |   355 |   796 |   986 |       |       |       ||  2168
         Broad axe         |       |       |       |       |       |    19 |  1855 |  2357 |   412 ||  4643
  Throw: Boomerang         |       |       |    12 |     4 |    26 |    47 |    16 |     2 |       ||   107
         Dart              |       |       |     4 |    11 |     3 |       |       |       |       ||    18
         Throwing net      |       |       |       |       |       |       |       |     3 |       ||     3
   Cast: Kiss of Death     |     3 |     2 |     1 |     1 |       |       |       |       |       ||     7
         Momentum Strike   |     1 |     9 |    28 |    14 |     4 |     3 |       |       |       ||    59
         Sticky Flame      |       |       |     1 |    21 |    12 |    40 |     8 |     6 |     9 ||    97
 Invoke: Convert to Beogh  |       |       |     1 |       |       |       |       |       |       ||     1
         Smiting           |       |       |       |     5 |    30 |    22 |    33 |    35 |     6 ||   131
         Recall Orcish Fol |       |       |       |     3 |     6 |     5 |       |       |     1 ||    15
         Stop Recall       |       |       |       |       |     1 |     1 |       |       |       ||     2
         Give Item to Name |       |       |       |       |     1 |     2 |     2 |       |       ||     5
  Evoke: Wand              |       |       |     6 |     6 |     4 |    19 |       |     1 |     4 ||    40
         Phial of floods   |       |       |       |       |     1 |     1 |       |       |       ||     2
         Box of beasts     |       |       |       |       |       |       |       |     1 |     1 ||     2
    Use: Scroll            |       |       |     6 |     8 |    14 |    11 |    10 |     4 |     4 ||    57
         Potion            |       |       |     2 |     1 |     5 |     3 |     6 |     5 |     1 ||    23
   Stab: Sleeping          |       |     1 |     1 |     3 |     1 |     2 |    11 |     8 |       ||    27
         Distracted        |       |       |       |     6 |    12 |     9 |     7 |    19 |     4 ||    57
         Invisible         |       |       |       |       |     3 |       |     2 |       |       ||     5
         Held in net/web   |       |       |       |       |       |       |       |     1 |       ||     1
 Armour: Leather armour    |    14 |    31 |       |       |       |       |       |       |       ||    45
         Ring mail         |       |    20 |    17 |       |       |       |       |       |       ||    37
         Robe              |       |       |   124 |   110 |       |       |       |       |       ||   234
         Troll leather arm |       |       |       |    71 |   301 |   417 |   363 |       |       ||  1152
         Ice dragon scales |       |       |       |       |       |       |    76 |   795 |   141 ||  1012
  Dodge: Dodged            |    37 |    70 |   155 |   195 |   430 |   606 |   763 |  1205 |   182 ||  3643
  Block: Buckler           |       |    20 |    72 |    76 |       |       |       |       |       ||   168
         Kite shield       |       |       |       |   140 |   650 |   987 |  1513 |  2150 |   371 ||  5811
         Reflection        |       |       |       |       |       |    10 |    71 |    47 |     4 ||   132
